 Dungeon Crawl Stone Soup version 0.25-a0-404-gc1b5a34292 (webtiles) character file.

Game seed: 5430656841138206269, levelgen mode: deterministic

141 Karazaar the Digger (level 5, -1/28 HPs)
             Began as a Gargoyle Earth Elementalist on Jan 12, 2020.
             Killed by divine providence
             ... invoked by an orc priest
              (12 damage)
             ... on level 3 of the Dungeon.
             The game lasted 00:07:07 (3124 turns).

Karazaar the Digger (Gargoyle Earth Elementalist)   Turns: 3124, Time: 00:07:07

Health: -1/28      AC:  7    Str: 12    XL:     5   Next: 24%
Magic:  5/10       EV: 12    Int: 16    God:
Gold:   204        SH:  0    Dex: 10    Spells: 1/10 levels left

rFire    . . .     SeeInvis .   g - +0 dagger
rCold    . . .     Gourm    .   (no shield)
rNeg     + . .     Faith    .   c - +1 robe
rPois    ∞         Spirit   .   (no helmet)
rElec    +         Reflect  .   (no cloak)
rCorr    .         Harm     .   (no gloves)
MR       .....                  (no boots)
Stlth    ++........             m - amulet of regeneration
HPRegen  0.49/turn              (no ring)
MPRegen  0.12/turn              (no ring)

@: no status effects
A: negative energy resistance 1, electricity resistance, unbreathing,
petrification resistance, rot immunity, AC +4
a: no special abilities


You were on level 3 of the Dungeon.
You were not hungry.

You visited 1 branch of the dungeon, and saw 3 of its levels.

You collected 204 gold pieces.

Inventory:

Hand Weapons
 g - a +0 dagger (weapon)
Missiles
 b - 73 stones (quivered)
Armour
 c - a +1 robe (worn)
Jewellery
 m - an amulet of regeneration (around neck)
 o - a +5 amulet of reflection {unknown}
Wands
 f - a wand of iceblast (11)
 k - a wand of acid (11)
Scrolls
 j - a scroll of remove curse
 l - a scroll of blinking
Potions
 a - a potion of haste
 e - 2 potions of lignification
 h - a potion of mutation {unknown}
 i - a potion of brilliance {unknown}
 n - 2 potions of invisibility {unknown}
Comestibles
 d - 9 rations
 p - 2 chunks of flesh


   Skills:
 - Level 1.5 Dodging
 - Level 2.1 Stealth
 + Level 3.4 Spellcasting
 + Level 2.0 Conjurations
   Level 0.7 Transmutations
 + Level 5.2 Earth Magic


You had one spell level left.
You knew the following spells:

 Your Spells              Type           Power        Failure   Level  Hunger
a - Sandblast             Erth           ###...       1%          1    None
b - Stone Arrow           Conj/Erth      ##....       12%         3    ###....
c - Lee's Rapid Deconstr  Erth           ###.......   50%         5    ######.

Your spell library contained the following spells:

 Spells                   Type           Power        Failure   Level  Hunger
 Passwall                 Tmut/Erth      ##......     8%          2    ##.....
 Petrify                  Tmut/Erth      ##......     45%         4    ####...


Dungeon Overview and Level Annotations

Branches:
Dungeon (3/15)

Altars:
Fedhas
Qazlal
Ru
Yredelemnul


Innate Abilities, Weirdness & Mutations

You are resistant to torment.
Your stone body is resilient. (AC +4)
You are immune to poison.
You resist negative energy. (rN+)
You are resistant to electric shocks. (rElec)
You can survive without breathing.
You are immune to petrification.
You are immune to rotting.


Message History

Aiming: Sandblast (safe; 1% risk of failure)
Press: ? - help, Shift-Dir - straight line, f/p - orc
Aim: an orc, wielding a +0 whip and wearing a +0 leather armour (moderately wounded)
The blast of sand misses the orc.
b - 74 stones The orc priest mumbles some strange prayers to Beogh against you.
Beogh smites you!
Ouch! That really hurt!
The orc misses you. The orc closely misses you.
Casting: Sandblast (safe; 1% risk of failure)
Confirm with . or Enter, or press ? or * to list all spells.
Aiming: Sandblast (safe; 1% risk of failure)
Press: ? - help, Shift-Dir - straight line, f/p - orc
Aim: an orc, wielding a +0 whip and wearing a +0 leather armour (moderately wounded)
The blast of sand hits the orc!
You kill the orc!
b - 73 stones The orc priest mumbles some strange prayers to Beogh against you.
Beogh smites you!
You die...

.....#... #.##.##.#
.# #.##.##.# .#
#.##.##.# .#
#.##.##.# .#
#.##.##.# .#
#.##.##.#### o#
#.##.##....######)#
..).............@o#
..##...##.........##
#.####.##..#####...#
.## #.##..# ###...#
## #.##..# #<....# #
#.##..# #.#..## #
#.##..###<#..# .
..##.........# .
...........#.##


You could see an orc priest and an orc.

Vanquished Creatures
  7 adders
  4 worms
  3 dart slugs
  5 leopard geckos
  An orc (D:3)
  A giant cockroach (D:1)
  3 goblins
  11 hobgoblins
  A ball python (D:1)
  4 bats
  4 frilled lizards
  11 kobolds
  7 rats
62 creatures vanquished.

Notes
Turn   | Place    | Note
-------+----------+-------------------------------------------
     0 | D:1      | Karazaar the Gargoyle Earth Elementalist began the quest
                  | for the Orb.
     0 | D:1      | Reached XP level 1. HP: 10/10 MP: 3/3
   166 | D:1      | Reached XP level 2. HP: 14/15 MP: 3/5
   195 | D:1      | Reached skill level 4 in Earth Magic
   995 | D:1      | Reached XP level 3. HP: 16/19 MP: 6/6
  1294 | D:2      | Learned a level 3 spell: Stone Arrow
  1471 | D:2      | Found a blossoming altar of Fedhas.
  1475 | D:2      | Found a stormy altar of Qazlal.
  1754 | D:2      | Reached XP level 4. HP: 24/24 MP: 3/8
  1787 | D:2      | Reached skill level 1 in Conjurations
  2095 | D:2      | Found a sacrificial altar of Ru.
  2095 | D:2      | Found a basalt altar of Yredelemnul.
  2344 | D:2      | Reached skill level 5 in Earth Magic
  2748 | D:3      | Reached XP level 5. HP: 27/28 MP: 9/9
  2755 | D:3      | Learned a level 5 spell: Lee's Rapid Deconstruction
  3124 | D:3      | Killed from afar by an orc priest

Levels and vault maps discovered:
D:1:      minmay_arrival_up_and_down, layout_loops_ring
D:2:      minmay_wonky_spiral, layout_basic,
          grunt_temple_overflow_forces_of_nature,
          amethyst_overflow_temple_binary, first_ration
D:3:      layout_loops_ring, gammafunk_temple_overflow_claw, grunt_ministairs_11

Skill      XL: |  1  2  3  4  5 |
---------------+----------------+-----
Earth Magic    | 4 5 |  5.2
Spellcasting   | 3 |  3.4
Conjurations   | 1 2 |  2.0
Dodging        | |  1.5
Stealth        | |  2.1
Transmutations | |  0.7

Action                   |  1- 3 |  4- 6 || total
-------------------------+-------+-------++-------
Melee: Dagger            |   127 |    93 ||   220
 Cast: Sandblast         |    16 |    37 ||    53
       Stone Arrow       |     1 |     1 ||     2
  Use: Scroll            |     3 |     4 ||     7
 Stab: Sleeping          |     1 |     1 ||     2
  Eat: Chunk             |     3 |     4 ||     7
Armor: Robe              |    46 |    34 ||    80
Dodge: Dodged            |    79 |    65 ||   144

Table legend:
 A = Non-vault XP
 B = Vault XP
 C = Vault XP percentage of total XP
 D = Non-vault monster count
 E = Vault monster count
 F = Vault count percentage of total count
                 A         B        C        D         E       F
            +---------+---------+-------+---------+---------+-------
      Total |     179 |      23 |  11.4 |      56 |       6 |   9.7
            +---------+---------+-------+---------+---------+-------
        D:1 |      36 |       0 |   0.0 |      20 |       0 |   0.0
        D:2 |     106 |      16 |  13.1 |      26 |       4 |  13.3
        D:3 |      37 |       7 |  15.9 |      10 |       2 |  16.7
            +---------+---------+-------+---------+---------+-------
